 Dungeon Crawl Stone Soup version 0.27-a0-414-gbb19ded6d3 (webtiles) character file.

Game seed: 2755678094968550971

1107 Anon1729 the Magician (level 8, -7/57 HPs)
             Began as a Minotaur Conjurer on Feb 24, 2021.
             Mangled by an orc warrior
             ... wielding a +0 dire flail
              (20 damage)
             ... on level 7 of the Dungeon.
             The game lasted 00:12:20 (6461 turns).

Anon1729 the Magician (Minotaur Conjurer)           Turns: 6461, Time: 00:12:22

Health: -7/57      AC:  2    Str: 12    XL:     8   Next: 11%
Magic:  7/15       EV: 12    Int: 17    God:
Gold:   201        SH:  0    Dex:  9    Spells: 15/18 levels left

rFire    . . .     SeeInvis .   (no weapon)
rCold    . . .     Faith    .   (no shield)
rNeg     . . .     Spirit   .   a - +0 robe
rPois    .         Reflect  .   (helmet restricted)
rElec    .         Harm     .   (no cloak)
rCorr    .         Rampage  .   (no gloves)
Will     .....                  (no boots)
Stlth    +.........             c - amulet of magic regeneration
HPRegen  0.19/turn              (no ring)
MPRegen  0.39/turn              (no ring)

@: no status effects
A: retaliatory headbutt, horns 2
a: no special abilities


You were on level 7 of the Dungeon.
You visited 1 branch of the dungeon, and saw 6 of its levels.

You collected 201 gold pieces.

Inventory:

Armour
 a - a +0 robe (worn)
Jewellery
 c - an amulet of magic regeneration (around neck)
 n - a +6 ring of intelligence
 r - a ring of resist corrosion
 v - a ring of protection from cold
Wands
 w - a wand of polymorph (3)
Scrolls
 b - 6 scrolls of identify {unknown}
 d - 5 scrolls of amnesia {unknown}
 e - 3 scrolls of magic mapping {unknown}
 f - 4 scrolls of enchant weapon {unknown}
 i - 4 scrolls of teleportation {unknown}
 j - a scroll of enchant armour {unknown}
 l - 4 scrolls of fog {unknown}
 o - a scroll of fear {unknown}
 t - a scroll of blinking {unknown}
 u - a scroll of random uselessness {unknown}
Potions
 g - 2 potions of curing
 h - a potion of magic {unknown}
 k - 6 potions of heal wounds {unknown}
 m - 2 potions of brilliance {unknown}
 p - 2 potions of haste {unknown}
 q - 2 potions of resistance {unknown}
 s - a potion of invisibility {unknown}
 x - a potion of berserk rage {unknown}


   Skills:
 - Level 2.1 Dodging
 - Level 1.5 Stealth
 * Level 5.6 Spellcasting
 + Level 5.1 Conjurations


You had 15 spell levels left.
You knew the following spells:

 Your Spells              Type           Power        Failure   Level
a - Magic Dart            Conj           88%          1%          1
b - Searing Ray           Conj           44%          2%          2

Your spell library contained the following spells:

 Spells                   Type           Power        Failure   Level
 Conjure Flame            Conj/Fire      13%          14%         3
 Dazzling Flash           Conj/Hex       26%          14%         3
 Blink                    Tloc           N/A          21%         2
 Call Imp                 Summ           4%           21%         2
 Slow                     Hex            4%           21%         2
 Mephitic Cloud           Conj/Pois/Air  10%          21%         3
 Fulminant Prism          Conj/Hex       6%           43%         4
 Iskenderun's Mystic Bla  Conj/Tloc      13%          43%         4


Dungeon Overview and Level Annotations

Branches:
Dungeon (5/15)
 Temple: D:4-7

Altars:
Vehumet
Zin
The Shining One


Innate Abilities, Weirdness & Mutations

You reflexively headbutt those who attack you in melee.
You have a pair of horns on your head.


Message History

Unknown command.
The orc warrior hits you with a +0 dire flail!
* * * LOW HITPOINT WARNING * * *
Casting: Searing Ray (safe; 2% risk of failure)
Confirm with . or Enter, or press ? or * to list all spells.
Aiming: Searing Ray (safe; 2% risk of failure)
Press: ? - help, Shift-Dir - straight line, f - orc priest
Aim: an orc priest (22% to evade)
Okay, then.
Casting: Searing Ray (safe; 2% risk of failure)
Confirm with . or Enter, or press ? or * to list all spells.
Aiming: Searing Ray (safe; 2% risk of failure)
Press: ? - help, Shift-Dir - straight line, f - orc priest
Aim: an orc priest (22% to evade)
The searing ray hits the orc warrior but does no damage.
The orc warrior is severely wounded.
The searing ray hits the orc priest.
The orc priest is moderately wounded. (Press . to maintain the ray.)
The orc warrior closely misses you.
Unknown command.
Unknown command.
The searing ray hits the orc warrior.
The orc warrior is severely wounded.
The searing ray hits the orc priest!
The orc priest is almost dead.
The searing ray hits the jelly!
The jelly is severely wounded.
The orc warrior completely misses you.
The searing ray hits the orc warrior but does no damage.
The orc warrior is severely wounded.
The searing ray hits the orc priest!
You kill the orc priest!
The searing ray hits the orc warrior.
The orc warrior is almost dead.
The searing ray hits the jelly.
You kill the jelly!
You finish channeling your searing ray.
The orc warrior hits you with a +0 dire flail!!
You die...

#.>..... .# #....... ..#
#...... ..# #.....##
##.##...#. .....###..#......
#....#...#..#._.
#############..8.#.8.#..../.
#..........@o†...#...#....#.
#........####..###..#......
#........##.#.#####........
#.............o.o....#.##.#
#############....J.....#
#....#.###....#
###.##..$....##
#(#####...... #.. ...."


You could see an orc warrior.

Vanquished Creatures
  Grinder (D:4)
  Edmund (D:4)
  An orc warrior (D:2)
  3 scorpions
  3 wights
  3 jellies
  A gnoll shaman (D:4)
  A bullfrog skeleton (D:5)
  3 orc priests
  A centaur skeleton (D:4)
  9 adders
  A white imp (D:5)
  An adder zombie (D:5)
  An adder skeleton (D:4)
  5 worms
  3 dart slugs
  4 leopard geckos
  8 orcs
  2 ball pythons
  5 giant cockroaches
  12 goblins
  5 hobgoblins
  A jackal (D:4)
  A quokka (D:4)
  5 bats
  7 frilled lizards
  6 kobolds
  A leopard gecko skeleton (D:4)
  11 rats
106 creatures vanquished.

Vanquished Creatures (others)
  7 plants (D:1)
7 creatures vanquished.

Grand Total: 113 creatures vanquished

Notes
Turn   | Place    | Note
-------+----------+-------------------------------------------
     0 | D:1      | Anon1729 the Minotaur Conjurer began the quest for the Orb.
     0 | D:1      | Reached XP level 1. HP: 14/14 MP: 1/1
   524 | D:1      | Reached XP level 2. HP: 11/20 MP: 0/3
  1633 | D:2      | Reached XP level 3. HP: 26/26 MP: 3/5
  1868 | D:2      | Learned a level 2 spell: Searing Ray
  2160 | D:2      | Reached XP level 4. HP: 16/33 MP: 1/7
  2473 | D:1      | Reached XP level 5. HP: 20/38 MP: 0/8
  3362 | D:2      | Noticed an orc warrior
  3630 | D:2      | Killed an orc warrior
  3631 | D:2      | Reached XP level 6. HP: 37/45 MP: 5/10
  4780 | D:4      | Noticed Edmund
  4812 | D:4      | Killed Edmund
  4813 | D:4      | Reached XP level 7. HP: 14/50 MP: 4/12
  5464 | D:4      | Found a glowing silver altar of Zin.
  5582 | D:4      | Found a glowing golden altar of the Shining One.
  5751 | D:4      | Noticed Grinder
  5756 | D:4      | Paralysed by Grinder for 6 turns
  5818 | D:5      | Entered Level 5 of the Dungeon
  5866 | D:4      | Paralysed by Grinder for 3 turns
  5873 | D:4      | Killed Grinder
  5874 | D:4      | Reached skill level 5 in Spellcasting
  6253 | D:5      | Reached skill level 5 in Conjurations
  6338 | D:5      | Reached XP level 8. HP: 57/57 MP: 11/15
  6393 | D:5      | You fall into a shaft and drop 2 floors!
  6418 | D:7      | Found a radiant altar of Vehumet.
  6461 | D:7      | Mangled by an orc warrior

Illustrated notes

Levels and vault maps discovered:
D:1:      psy_arrival_fountain, layout_basic
D:2:      layout_loops_cross
D:3:      layout_loops_ring
D:4:      kennysheep_six_static_rooms, layout_cave_pools,
          overflow_temple_1_default, corner_web_ring,
          nicolae_tso_swordbearing_angel, uniq_edmund, uniq_grinder
D:5:      layout_cave_pools
D:7:      layout_rooms, vehumet_altar_wand_db, minmay_temple_entry_junction_2,
          mrwooster_statue_mirror, kennysheep_generic_room_11

Skill      XL: |  1  2  3  4  5  6  7 |
---------------+----------------------+-----
Conjurations   | 3 4 5 |  5.1
Spellcasting   | 2 3 4 5 |  5.6
Dodging        | |  2.1
Stealth        | |  1.5

Action                   |  1- 3 |  4- 6 |  7- 9 || total
-------------------------+-------+-------+-------++-------
 Cast: Magic Dart        |    66 |   113 |    64 ||   243
       Searing Ray       |     1 |    13 |    19 ||    33
  Use: Potion            |       |     1 |       ||     1
Armor: Robe              |    14 |     4 |     3 ||    21
Dodge: Dodged            |    36 |    34 |    13 ||    83

Table legend: (Time is in decaauts)
 A = Elapsed time spent in this place.
 B = Non-inter-level travel time spent in this place.
 C = Inter-level travel time spent in this place.
 D = Time resting spent in this place.
 E = Time spent auto-exploring this place.
 F = Levels seen in this place.
 G = Mean time per level.
                   A        B        C        D        E       F      G
               +--------+--------+--------+--------+--------+-----+--------+
         Total |   6443 |   6202 |    241 |   1054 |   4213 |   6 | 1073.8 |
       Dungeon |   6443 |   6202 |    241 |   1054 |   4213 |   6 | 1073.8 |
               +--------+--------+--------+--------+--------+-----+--------+

Top non-repeatable levels by time:
     D:1: 2320 daAuts
     D:2: 1424 daAuts
     D:4: 1396 daAuts
     D:3: 951 daAuts
     D:5: 282 daAuts
     D:7: 67 daAuts
